 Dungeon Crawl Stone Soup version 0.30-a0-760-g5a9884bb7c (webtiles) character file.

Game seed: 17504874259476641626

58 dolemite99 the Magician (level 4, 0/31 HPs)
             Began as a Djinni Conjurer on Feb 11, 2023.
             Was a Priest of Ru.
             Slain by a goblin
             ... wielding a +0 club
             ... led by Robin
              (1 damage)
             ... on level 2 of the Dungeon.
             The game lasted 00:02:52 (1450 turns).

dolemite99 the Magician (Djinni Conjurer)           Turns: 1450, Time: 00:02:52

Health: 0/31       AC:  2    Str:  6    XL:     4   Next: 20%
Gold:   66         EV: 12    Int: 22    God:    Ru [***...] SH:  0 Dex: 11

rFire   + + .      SeeInvis .    g - +0 dagger
rCold   x . .      Faith    .    (shield unavailable)
rNeg    . . .      Spirit   .    a - +0 robe
rPois   ∞          Reflect  .    (no helmet)
rElec   .          Harm     .    (no cloak)
rCorr   .          Rampage  .    (no gloves)
Will    .....                    (boots unavailable)
Stlth   ++                       (no amulet)
HPRegen 0.25/turn                (ring unavailable)
MPRegen 0.00/turn                (no ring)

@: flying
A: sickness immunity, fire resistance 2, cold vulnerability 1, missing a hand,
float, innate caster, HP casting, extra vitality 1
a: Renounce Religion, Draw Out Power


You were on level 2 of the Dungeon.
You worshipped Ru.
Ru was most pleased with you.
You visited 1 branch of the dungeon, and saw 2 of its levels.

You collected 66 gold pieces.

Inventory:

Hand Weapons
 g - a +0 dagger (weapon)
 h - a +0 dagger
 k - a +0 sling
Missiles
 d - 3 poisoned darts
Armour
 a - a +0 robe (worn)
Jewellery
 e - a ring of magical power
Scrolls
 f - 2 scrolls of blinking {unknown}
 j - a scroll of identify {@r1}
Potions
 b - a potion of magic


   Skills:
 - Level 2.1 Dodging
 - Level 1.5 Stealth
 + Level 4.3 Spellcasting


You couldn't memorise any spells.
You knew the following spells:

 Your Spells              Type           Power      Damage    Failure   Level
a - Magic Dart            Conj           92%        1d7       1%          1
b - Sandblast             Erth           46%        2d11      1%          1
c - Searing Ray           Conj           46%        2d6       2%          2
d - Fulminant Prism       Conj/Hex       11%        3d8       19%         4
e - Iskenderun's Mystic   Conj/Tloc      23%        2d6       19%         4
f - Dazzling Flash        Conj/Hex       46%        N/A       5%          3
Your spell library was empty.

Dungeon Overview and Level Annotations

Branches:
Dungeon (2/15)

Altars:
Ru

Annotations:
D:2 Robin


Innate Abilities, Weirdness & Mutations

You are immune to sickness and miasma.
You are immune to poison.
Your flesh is very heat resistant. (rF++)
You are vulnerable to cold. (rC-)
You are missing a hand.
You float through the air rather than walking.
You learn spells naturally, not from books.
Your magical power is your life essence.
You have superior vitality. (+4 MHP)


Message History

Robin throws the goblin at you! The goblin hits you but does no damage.
Casting: Magic Dart (safe; 1% risk of failure)
Confirm with . or Enter, or press ? or * to list all spells.
Aiming: Searing Ray (safe; 2% risk of failure)
Press: ? - help, Shift-Dir - straight line The searing ray hits the goblin!
You kill the goblin!
The searing ray misses the hobgoblin.
The searing ray hits the goblin!
You kill the goblin! (Press . to maintain the ray.)
The goblin hits you with a +0 club.
A goblin comes into view. It is wielding a +0 club.
The goblin hits you with a +0 club.
The searing ray hits the hobgoblin.
You kill the hobgoblin!
The searing ray misses the goblin.
The searing ray hits Robin.
Robin is lightly wounded.
A goblin comes into view. It is wielding a +0 dagger.
The goblin hits you but does no damage. Robin throws the goblin at you!
The goblin is stunned by your conviction and fails to attack.
The searing ray misses the goblin.
The searing ray hits the goblin!
You kill the goblin!
The searing ray hits Robin.
Robin is moderately wounded.
The goblin hits you with a +0 dagger.
You focus your inner power and illuminate the goblin in retribution!
The goblin hits you with a +0 club.
* * * LOW HITPOINT WARNING * * *
The goblin barely misses you.
The searing ray misses the goblin.
The searing ray hits Robin.
Robin is severely wounded.
* * * LOW HITPOINT WARNING * * *
You finish channelling your searing ray.
The goblin hits you with a +0 dagger.
* * * LOW HITPOINT WARNING * * *
The goblin misses you. The goblin barely misses you.
As you read the scroll labelled OMACRA VIVVEKAMUD, it crumbles to dust.
The scroll dissolves into smoke.
It was a scroll of fog.
The goblin hits you but does no damage. x2; The goblin hits you with a +0 club.
You die...

#. .. #.# #.####
#.# #....##
#.###.....#
#.######§........#
#gg)§g@g§........#
#.#.###g##.##...#
#.§§...#...##
#...........#
#.._..##....#
#......##.#.#
........(...#.#
..#########.#.#
... ...#.#


You could see 3 goblins.

Vanquished Creatures
  2 adders (D:2)
  A dart slug (D:1)
  5 endoplasms (D:1)
  3 hobgoblins
  4 jackals (D:1)
  2 quokkas (D:1)
  4 bats (D:1)
  2 frilled lizards
  5 goblins
  A kobold (D:1)
  8 rats (D:1)
37 creatures vanquished.

Notes
Turn   | Place    | Note
-------+----------+-------------------------------------------
     0 | D:1      | dolemite99 the Djinni Conjurer began the quest for the Orb.
     0 | D:1      | dolemite99 set off with the following spells memorised:
                  | Magic Dart, Searing Ray, Dazzling Flash, Fulminant Prism,
                  | Iskenderun's Mystic Blast.
     0 | D:1      | Reached XP level 1. HP: 15/15 MP: 0/0
   488 | D:1      | Reached XP level 2. HP: 20/21 MP: 0/0
   758 | D:1      | Reached XP level 3. HP: 22/25 MP: 0/0
   758 | D:1      | Learned a level 1 spell: Sandblast
   937 | D:1      | Reached skill level 4 in Spellcasting
  1048 | D:1      | Found a faded altar of an unknown god.
  1065 | D:1      | Prayed at the altar of an unknown god.
  1065 | D:1      | Became a worshipper of Ru the Awakened
  1071 | D:1      | Gained mutation: You are missing a hand. [Ru sacrifice]
  1071 | D:1      | Reached * piety under Ru
  1071 | D:1      | Reached ** piety under Ru
  1071 | D:1      | Reached *** piety under Ru
  1160 | D:2      | Reached XP level 4. HP: 23/31 MP: 0/0
  1441 | D:2      | Noticed Robin
  1449 | D:2      | HP: 1/31 [goblin/+0 dagger (5)]
  1450 | D:2      | Slain by a goblin

Illustrated notes

Levels and vault maps discovered:
D:1:      eino_arrival_druids_welcome, layout_basic,
          chequers_ecumenical_altar_island
D:2:      layout_loops_ring, serial_forest, infiniplex_forest_end_3,
          infiniplex_forest_end_1, infiniplex_forest_clump_cross,
          infiniplex_forest_straight_3, infiniplex_forest_end_double,
          infiniplex_forest_lined_4_way, infiniplex_forest_lined_2, basic_altar,
          uniq_robin, uniq_crazy_yiuf_cottage, uniq_jessica

Skill      XL: |  1  2  3 |
---------------+----------+-----
Spellcasting   | 4 |  4.3
Dodging        | |  2.1
Stealth        | |  1.5

Action                     |  1- 3 |  4- 6 || total
---------------------------+-------+-------++-------
   Cast: Magic Dart        |    33 |     3 ||    36
         Searing Ray       |     1 |     1 ||     2
         Sandblast         |    15 |     2 ||    17
 Invoke: Sacrifice a Hand  |     1 |       ||     1
    Use: Scroll            |     1 |     1 ||     2
         Potion            |       |     1 ||     1
 Armour: Robe              |     6 |     4 ||    10
  Dodge: Dodged            |    15 |     5 ||    20

Table legend: (Time is in decaauts)
 A = Elapsed time spent in this place.
 B = Non-inter-level travel time spent in this place.
 C = Inter-level travel time spent in this place.
 D = Time resting spent in this place.
 E = Time spent auto-exploring this place.
 F = Levels seen in this place.
 G = Mean time per level.
                   A        B        C        D        E       F      G
               +--------+--------+--------+--------+--------+-----+--------+
         Total |   1457 |   1436 |     21 |    883 |    310 |   2 |  728.5 |
       Dungeon |   1457 |   1436 |     21 |    883 |    310 |   2 |  728.5 |
               +--------+--------+--------+--------+--------+-----+--------+

Top non-repeatable levels by time:
     D:1: 1160 daAuts
     D:2: 297 daAuts
